FSL
FORT MYERS MIRACLE @ JUPITER HAMMERHEADS
07/07/2098
 
TOP OF THE 1ST
Fort Myers Miracle batting - Pitching for Jupiter Hammerheads : RHP Jose Moreno
Pitching: RHP Jose Moreno
Batting: SHB John Daniels 0-0: Called Strike
0-1: Foul Ball, location: 2F
0-2: Strikes out swinging
Batting: LHB Bobby Felton 0-0: Called Strike
0-1: Swinging Strike
0-2: Ball
1-2: SINGLE (Groundball, 56D, EV 105.6 MPH)
Batting: RHB Brian Taylor 0-0: Ball
1-0: Called Strike
1-1: Called Strike
1-2: Strikes out looking
Batting: RHB Gene Homann 0-0: Ball
1-0: Ball
2-0: Called Strike
2-1: Single, Error in OF, E8, batter to second base (Line Drive, 8LS, EV 107.5 MPH)
Bobby Felton to third
Batting: RHB Aaron DiLeo 0-0: Ball
1-0: Swinging Strike
1-1: Called Strike
1-2: Strikes out looking
Top of the 1st over - 0 runs, 2 hits, 1 error, 2 left on base; Fort Myers 0 - Jupiter 0
BOTTOM OF THE 1ST
Jupiter Hammerheads batting - Pitching for Fort Myers Miracle : RHP Danny Guerrero
Pitching: RHP Danny Guerrero
Batting: RHB Jeremy Bennett 0-0: Foul Ball, location: 9LMF
0-1: Ball
1-1: Foul Ball, location: 7LSF
1-2: Strikes out swinging
Batting: LHB Dan Parker 0-0: Called Strike
0-1: Ball
1-1: Ball
2-1: Foul Ball, location: 7LMF
2-2: Foul Ball, location: 7LMF
2-2: Fly out, F9 (Flyball, 9, EV 92.5 MPH)
Batting: LHB Victor Valdez 0-0: Ground out 6-3 (Groundball, 6, EV 78.1 MPH)
Bottom of the 1st over - 0 runs, 0 hits, 0 errors, 0 left on base; Fort Myers 0 - Jupiter 0
TOP OF THE 2ND
Fort Myers Miracle batting - Pitching for Jupiter Hammerheads : RHP Jose Moreno
Batting: LHB Jonathan Apodaca 0-0: Called Strike
0-1: Foul Ball, location: 7LMF
0-2: Ball
1-2: Ball
2-2: Foul Ball, location: 5F
2-2: Strikes out swinging
Batting: SHB Jeremy DiCicco 0-0: Swinging Strike
0-1: Ball
1-1: Ball
2-1: Ball
3-1: Called Strike
3-2: Foul Ball, location: 3F
3-2: Strikes out looking
Batting: RHB Joe Ellis 0-0: Fly out, F7 (Line Drive, 78M, EV 92.5 MPH)
Top of the 2nd over - 0 runs, 0 hits, 0 errors, 0 left on base; Fort Myers 0 - Jupiter 0
BOTTOM OF THE 2ND
Jupiter Hammerheads batting - Pitching for Fort Myers Miracle : RHP Danny Guerrero
Batting: RHB Dusty Evans 0-0: Foul Ball, location: 2F
0-1: Ground out 6-3 (Groundball, 6, EV 103.1 MPH)
Batting: RHB Jason Milano 0-0: Ball
1-0: Foul Ball, location: 2LF
1-1: Fly out, F9 (Flyball, 89M, EV 85.6 MPH)
Batting: RHB Brett O'Grady 0-0: Ball
1-0: Ground out 6-3 (Groundball, 6M, EV 103.1 MPH)
Bottom of the 2nd over - 0 runs, 0 hits, 0 errors, 0 left on base; Fort Myers 0 - Jupiter 0
TOP OF THE 3RD
Fort Myers Miracle batting - Pitching for Jupiter Hammerheads : RHP Jose Moreno
Batting: RHB Justin Parks 0-0: Ball
1-0: Called Strike
1-1: Called Strike
1-2: Foul Ball, location: 9LDF
1-2: Strikes out looking
Batting: SHB John Daniels 0-0: Called Strike
0-1: Called Strike
0-2: Ball
1-2: Ball
2-2: Ball
3-2: Base on Balls
Batting: LHB Bobby Felton 0-0: Ball
1-0: Ball
2-0: Ball
3-0: Base on Balls
John Daniels to second
Batting: RHB Brian Taylor 0-0: Foul Ball, location: 23F
0-1: Swinging Strike
0-2: Foul Ball, location: 5FF
0-2: Foul Ball, location: 9LSF
0-2: Ball
1-2: Ball
2-2: DOUBLE (Flyball, 8RXD, EV 109.4 MPH)
John Daniels scores
Bobby Felton to third
Runner from 3rd tries for Home, SAFE, no throw by CF
Batting: RHB Gene Homann 0-0: Ball
Brian Taylor steals 3rd base
1-0: Ball
2-0: Ball
3-0: Base on Balls
Batting: RHB Aaron DiLeo 0-0: Ball
1-0: Foul Ball, location: 5F
1-1: Ball
2-1: Foul Ball, location: 5F
2-2: Grounds into double play, 6-4-3 (Groundball, 6, EV 86.9 MPH)
Top of the 3rd over - 2 runs, 1 hit, 0 errors, 1 left on base; Fort Myers 2 - Jupiter 0
BOTTOM OF THE 3RD
Jupiter Hammerheads batting - Pitching for Fort Myers Miracle : RHP Danny Guerrero
Batting: LHB Jake King 0-0: Ball
1-0: Ball
2-0: Ball
3-0: Called Strike
3-1: Foul Ball, location: 2F
3-2: Foul Ball, location: 3FF
3-2: Foul Ball, location: 2F
3-2: Strikes out looking
Batting: RHB Jose Marquez 0-0: Ball
1-0: Fly out, F9 (Line Drive, 9S, EV 88.8 MPH)
Batting: RHB Doug Reigstad 0-0: Called Strike
0-1: Ball
1-1: Swinging Strike
1-2: Ball
2-2: Foul Ball, location: 3FF
2-2: Foul Ball, location: 5F
2-2: Ball
3-2: Strikes out looking
Bottom of the 3rd over - 0 runs, 0 hits, 0 errors, 0 left on base; Fort Myers 2 - Jupiter 0
TOP OF THE 4TH
Fort Myers Miracle batting - Pitching for Jupiter Hammerheads : RHP Jose Moreno
Batting: LHB Jonathan Apodaca 0-0: Called Strike
0-1: Ball
1-1: Ball
2-1: Foul Ball, location: 7LDF
2-2: Foul Ball, location: 2F
2-2: SINGLE (Line Drive, 7S, EV 97.5 MPH)
Batting: SHB Jeremy DiCicco 0-0: Ball
1-0: Foul Ball, location: 3FF
1-1: Foul Ball, location: 9LSF
1-2: Ball
2-2: Grounds into double play, 6-4-3 (Groundball, 6, EV 106.3 MPH)
Batting: RHB Joe Ellis 0-0: Ball
1-0: Called Strike
1-1: Ball
2-1: Foul Ball, location: 5F
2-2: Strikes out swinging
Top of the 4th over - 0 runs, 1 hit, 0 errors, 0 left on base; Fort Myers 2 - Jupiter 0
BOTTOM OF THE 4TH
Jupiter Hammerheads batting - Pitching for Fort Myers Miracle : RHP Danny Guerrero
Batting: RHB Jeremy Bennett 0-0: Ball
1-0: Called Strike
1-1: Foul Ball, location: 2F
1-2: Ball
2-2: SINGLE (Groundball, 4MD, EV 100.0 MPH)
Batting: LHB Dan Parker 0-0: Ball
1-0: Fly out, F8 (Flyball, 8LM, EV 81.9 MPH)
Batting: LHB Victor Valdez 0-0: Grounds into double play, 4-6-3 (Groundball, 4, EV 81.9 MPH)
Bottom of the 4th over - 0 runs, 1 hit, 0 errors, 0 left on base; Fort Myers 2 - Jupiter 0
TOP OF THE 5TH
Fort Myers Miracle batting - Pitching for Jupiter Hammerheads : RHP Jose Moreno
Batting: RHB Justin Parks 0-0: Ball
1-0: Ball
2-0: Foul Ball, location: 5F
2-1: Ground out 6-3 (Groundball, 6, EV 94.4 MPH)
Batting: SHB John Daniels 0-0: Ball
1-0: Called Strike
1-1: Ball
2-1: Ball
3-1: Base on Balls
Batting: LHB Bobby Felton 0-0: SINGLE (Groundball, 4D, EV 104.4 MPH)
John Daniels to second
John Daniels to third
Batting: RHB Brian Taylor 0-0: Called Strike
0-1: Foul Ball, location: 2F
0-2: Fly out, F7 (Flyball, 78D, EV 101.3 MPH)
Runner from 3rd tags up, SCORES, throw by LF
Batting: RHB Gene Homann 0-0: Fly out, F8 (Flyball, 8LXD, EV 98.1 MPH)
Top of the 5th over - 1 run, 1 hit, 0 errors, 1 left on base; Fort Myers 3 - Jupiter 0
BOTTOM OF THE 5TH
Jupiter Hammerheads batting - Pitching for Fort Myers Miracle : RHP Danny Guerrero
Batting: RHB Dusty Evans 0-0: Ball
1-0: Fly out, F9 (Flyball, 9LM, EV 100.0 MPH)
Batting: RHB Jason Milano 0-0: Called Strike
0-1: Called Strike
0-2: Foul Ball, location: 2F
0-2: DOUBLE (Line Drive, 3D, EV 95.6 MPH)
Batting: RHB Brett O'Grady 0-0: Called Strike
0-1: Swinging Strike
0-2: Strikes out swinging
Pitching: RHP Sean Prior
Batting: LHB Jake King 0-0: Ground out U3 (Groundball, 3L, EV 103.8 MPH)
Bottom of the 5th over - 0 runs, 1 hit, 0 errors, 1 left on base; Fort Myers 3 - Jupiter 0
TOP OF THE 6TH
Fort Myers Miracle batting - Pitching for Jupiter Hammerheads : RHP Jose Moreno
Batting: RHB Aaron DiLeo 0-0: Called Strike
0-1: SINGLE (Line Drive, 78M, EV 91.9 MPH)
Batting: LHB Jonathan Apodaca 0-0: Swinging Strike
0-1: Swinging Strike
0-2: Ball
1-2: Ball
2-2: Ball
3-2: SINGLE (Line Drive, 7S, EV 86.3 MPH)
Aaron DiLeo to second
Batting: SHB Jeremy DiCicco 0-0: Called Strike
0-1: Ball
1-1: Bunt - Flyout to 5S - DP at third! 5-3
Batting: RHB Joe Ellis 0-0: Fly out, F7 (Flyball, 78S, EV 86.3 MPH)
Top of the 6th over - 0 runs, 2 hits, 0 errors, 1 left on base; Fort Myers 3 - Jupiter 0
BOTTOM OF THE 6TH
Jupiter Hammerheads batting - Pitching for Fort Myers Miracle : RHP Sean Prior
Batting: RHB Jose Marquez 0-0: Ball
1-0: Foul Ball, location: 9LSF
1-1: Swinging Strike
1-2: Strikes out looking
Batting: RHB Doug Reigstad 0-0: Called Strike
0-1: Called Strike
0-2: Foul Ball, location: 2F
0-2: Fly out, F8 (Flyball, 8RS, EV 75.6 MPH)
Batting: RHB Jeremy Bennett 0-0: Ball
1-0: Ball
2-0: Foul Ball, location: 2F
2-1: SINGLE (Flyball, 34D, EV 97.5 MPH)
Batting: LHB Dan Parker 0-0: Called Strike
0-1: Foul Ball, location: 3FF
0-2: Foul Ball, location: 2F
0-2: Ball
1-2: Ball
2-2: Foul Ball, location: 2F
2-2: Strikes out swinging
Bottom of the 6th over - 0 runs, 1 hit, 0 errors, 1 left on base; Fort Myers 3 - Jupiter 0
TOP OF THE 7TH
Fort Myers Miracle batting - Pitching for Jupiter Hammerheads : RHP Jose Moreno
Pitching: RHP Juan Cintora
Batting: RHB Justin Parks 0-0: SINGLE (Line Drive, 56, EV 100.6 MPH)
Batting: SHB John Daniels 0-0: SINGLE (Groundball, 6MD, EV 96.9 MPH)
Justin Parks to second
Runner from 2nd tries for 3rd, SAFE, throw by CF made to third
Batting: LHB Bobby Felton 0-0: Called Strike
0-1: Called Strike
0-2: Strikes out swinging
Batting: RHB Brian Taylor 0-0: Called Strike
0-1: Ball
1-1: TRIPLE (Groundball, 5L, EV 106.9 MPH)
Justin Parks scores
John Daniels scores
Batting: RHB Gene Homann 0-0: Ball
1-0: Called Strike
1-1: Ball
2-1: Ball
3-1: Swinging Strike
3-2: Ground out 5-3 (Groundball, 56, EV 81.9 MPH)
Brian Taylor scores
Batting: RHB Aaron DiLeo 0-0: Swinging Strike
0-1: Ball
1-1: Ball
2-1: Swinging Strike
2-2: Foul Ball, location: 9LSFF
2-2: SINGLE (Groundball, 34D, EV 101.3 MPH)
Batting: LHB Jonathan Apodaca 0-0: Called Strike
0-1: Called Strike
0-2: Ball
1-2: Ball
2-2: Foul Ball, location: 7LMF
2-2: Ball
3-2: Base on Balls
Aaron DiLeo to second
Pitching: RHP Sergio Duarte
Batting: SHB Jeremy DiCicco 0-0: Ball
1-0: Swinging Strike
1-1: SINGLE (Groundball, 4MD, EV 101.9 MPH)
Aaron DiLeo to third
Jonathan Apodaca to second
Runner from 3rd tries for Home, SAFE, throw by CF to home
Batting: RHB Joe Ellis 0-0: Fly out, F9 (Flyball, 89M, EV 92.5 MPH)
Top of the 7th over - 4 runs, 5 hits, 0 errors, 2 left on base; Fort Myers 7 - Jupiter 0
BOTTOM OF THE 7TH
Jupiter Hammerheads batting - Pitching for Fort Myers Miracle : RHP Sean Prior
Pinch Hitting: LHB Manny Aquino 0-0: Called Strike
0-1: Ball
1-1: Swinging Strike
1-2: Ball
2-2: Fly out, F8 (Flyball, 8RD, EV 97.5 MPH)
Pitching: RHP Tommy Morris
Batting: RHB Dusty Evans 0-0: Called Strike
0-1: Swinging Strike
0-2: Ball
1-2: Ball
2-2: Strikes out swinging
Pinch Hitting: RHB Xavier Brown 0-0: Called Strike
0-1: Swinging Strike
0-2: Ball
1-2: Strikes out swinging
Bottom of the 7th over - 0 runs, 0 hits, 0 errors, 0 left on base; Fort Myers 7 - Jupiter 0
TOP OF THE 8TH
Fort Myers Miracle batting - Pitching for Jupiter Hammerheads : RHP Sergio Duarte
Now at 3B: Mike Roth
Now in CF: Manny Aquino
Batting: RHB Justin Parks 0-0: Fly out, F7 (Flyball, 7, EV 90.6 MPH)
Batting: SHB John Daniels 0-0: Called Strike
0-1: Called Strike
0-2: Foul Ball, location: 23F
0-2: Foul Ball, location: 2F
0-2: Ball
1-2: Ball
2-2: Strikes out looking
Batting: LHB Bobby Felton 0-0: Called Strike
0-1: Ball
1-1: Ball
2-1: Foul Ball, location: 2F
2-2: Ball
3-2: Foul Ball, location: 2RF
3-2: Fly out, F6 (Popup, 6MD, EV 58.8 MPH)
Top of the 8th over - 0 runs, 0 hits, 0 errors, 0 left on base; Fort Myers 7 - Jupiter 0
BOTTOM OF THE 8TH
Jupiter Hammerheads batting - Pitching for Fort Myers Miracle : RHP Tommy Morris
Batting: RHB Brett O'Grady 0-0: Ball
1-0: Ground out U3 (Groundball, 3S, EV 92.5 MPH)
Pinch Hitting: LHB Jorge Pestrello 0-0: Ball
1-0: Swinging Strike
1-1: Foul Ball, location: 5SF
1-2: Ball
2-2: Foul Ball, location: 5F
2-2: Foul Ball, location: 3F
2-2: Fly out, F9 (Flyball, 9, EV 90.6 MPH)
Pinch Hitting: LHB Zach Cardillo 0-0: Called Strike
0-1: Ball
1-1: Called Strike
1-2: Ball
2-2: Ground out 6-3 (Groundball, 6, EV 86.3 MPH)
Bottom of the 8th over - 0 runs, 0 hits, 0 errors, 0 left on base; Fort Myers 7 - Jupiter 0
TOP OF THE 9TH
Fort Myers Miracle batting - Pitching for Jupiter Hammerheads : RHP Sergio Duarte
Now at 2B: Rico Gomez
Now in RF: Zach Cardillo
Batting: RHB Brian Taylor 0-0: Called Strike
0-1: Swinging Strike
0-2: Ball
1-2: Foul Ball, location: 2F
1-2: Ball
2-2: Strikes out swinging
Batting: RHB Gene Homann 0-0: Called Strike
0-1: Ball
1-1: Fly out, F6 (Popup, 4MS, EV 68.8 MPH)
Batting: RHB Aaron DiLeo 0-0: Ball
1-0: Ball
2-0: Ball
3-0: Base on Balls
Batting: LHB Jonathan Apodaca 0-0: Ball
Wild Pitch!
Aaron DiLeo to second
1-0: Called Strike
1-1: Ball
2-1: Ball
3-1: Fly out, F4 (Popup, 4S, EV 81.3 MPH)
Top of the 9th over - 0 runs, 0 hits, 0 errors, 1 left on base; Fort Myers 7 - Jupiter 0
BOTTOM OF THE 9TH
Jupiter Hammerheads batting - Pitching for Fort Myers Miracle : RHP Tommy Morris
Batting: RHB Doug Reigstad 0-0: Called Strike
0-1: Foul Ball, location: 25FF
0-2: Ball
1-2: SINGLE (Groundball, 4MD, EV 93.8 MPH)
Pitching: RHP Connie Hicks
Batting: RHB Jeremy Bennett 0-0: Ball
1-0: Swinging Strike
1-1: Foul Ball, location: 7LSF
1-2: Foul Ball, location: 3F
1-2: Strikes out looking
Batting: LHB Dan Parker 0-0: Called Strike
0-1: Ball
1-1: Ball
2-1: Called Strike
2-2: SINGLE (Line Drive, 7S, EV 95.0 MPH)
Doug Reigstad to second
Pinch Hitting: RHB Steve Franek 0-0: Ball
1-0: Ball
2-0: Ball
3-0: Called Strike
3-1: Base on Balls
Doug Reigstad to third
Dan Parker to second
Batting: RHB Dusty Evans 0-0: Ball
1-0: Called Strike
1-1: Ball
2-1: Ball
3-1: SINGLE (Groundball, 56D, EV 98.1 MPH)
Doug Reigstad scores
Dan Parker to third
Steve Franek to second
Pinch Hitting: RHB Todd McAllister 0-0: Ball
1-0: Called Strike
1-1: Ball
2-1: Grounds into double play, 4-6-3 (Groundball, 4, EV 88.8 MPH)
Bottom of the 9th over - 1 run, 3 hits, 0 errors, 2 left on base; Fort Myers 7 - Jupiter 1
Tuesday, April 9th , 2024 - OOTP Baseball 24.11 Build 85